[Event "44th Chess Olympiad Women 2022"]
[Site "Chennai"]
[Date "2022.08.05"]
[Round "7.17"]
[White "Steffensen, Elena"]
[Black "Varney, Zoe"]
[Result "0-1"]
[ECO "C56"]
[WhiteElo "2044"]
[BlackElo "2045"]
[Annotator "TA"]
[PlyCount "112"]
[EventDate "2022.07.29"]
[EventType "team-tourn"]
[EventCountry "IND"]
[SourceTitle "playchess.com"]
[Source "ChessBase"]
[SourceQuality "1"]
[WhiteTeam "Denmark"]
[BlackTeam "England"]
[WhiteTeamCountry "DEN"]
[BlackTeamCountry "ENG"]
[TimeControl "40/5400+30:1800+30"]

1. e4 e5 2. Nf3 Nc6 3. d4 exd4 4. Bc4 Nf6 5. e5 Ne4 6. Qe2 Nc5 $1 (6... Bb4+ $2 7. Kd1 $16) 7. O-O {[%emt 0:02:42] C56: Two Knights: 4 d4 exd4 5 0-0 Nxe4.} Ne6 {[%emt 0:04:42] is cutting edge theory.} 8. Rd1 d5 9. exd6 {[%emt 0:00:25] The position is equal.} Bxd6 10. c3 {[%emt 0:10:01][%cal Rc3d4] [#]} dxc3 $146 ({Predecessor:} 10... O-O 11. cxd4 Qf6 12. Bxe6 fxe6 13. Nc3 e5 14. Ne4 Qg6 15. Nxd6 cxd6 16. dxe5 Bg4 17. Qc4+ d5 18. Rxd5 Be6 19. Ng5 Rad8 {0-1 (19) Yip,C (2430)-Zhu,J (2459) chess24.com INT 2021}) 11. Nxc3 O-O 12. Ne4 Re8 13. Nxd6 (13. Bg5 $14 Qd7 14. Rac1 (14. Nxd6 cxd6 15. Qd3 Nc5 $11)) 13... cxd6 $11 14. Qd3 {[%emt 0:02:03] Prevents Ned4.} Ne5 {[%emt 0:11:44] Pair of Knights!} 15. Qe2 Qc7 16. Nxe5 dxe5 17. Bb5 {[%emt 0:01:22] Against Bd7} (17. Be3 $11) 17... Re7 (17... Rd8 $15 18. Be3 Bd7) 18. Be3 $1 {[%emt 0:05:28] And now Rac1 would win.} Nd4 19. Bxd4 exd4 20. Qd2 (20. Qc4 $1 $11) 20... Qb6 $1 $15 21. a4 Bd7 (21... Bg4 $17 22. Re1 Rxe1+ 23. Rxe1 Bf5) 22. Bf1 $1 $11 Re4 23. a5 Qd6 24. Ra3 Bc6 25. f3 Rf4 (25... Rh4 $1 $15 {might be stronger.} 26. g3 Rh5) 26. Qf2 (26. a6 $1 $11) 26... Qf6 (26... Rd8 $17) 27. Be2 (27. a6 $1 $11) 27... Rd8 $17 28. a6 b6 29. b4 (29. Rad3 $142) 29... d3 (29... Qe7 $142 30. Raa1 Qxb4) 30. Raxd3 Rxd3 31. Bxd3 Rxb4 32. Qd2 Rb2 33. Qe3 {[%emt 0:00:49] Inhibits Qd4.} g6 $40 {[%emt 0:00:07][%mdl 128] White is in trouble.} 34. Be4 (34. Bf1 $17 {was worth a try.}) 34... Bxe4 $19 35. Qxe4 {[%emt 0:00:02][%mdl 4096] Endgame KQR-KQR} Qg5 36. f4 Qc5+ 37. Kh1 {[%emt 0:00:07] [#]} Qc3 $2 ({Black should try} 37... Rd2 $3 $19 38. Rg1 Qd4 39. Qa8+ Kg7) 38. h3 $1 $11 (38. Qa8+ Kg7 39. Qxa7 Qd4 $1 $17) 38... Kg7 39. Rd3 (39. Qe7 $11 {keeps the balance.}) 39... Qf6 {[%emt 0:00:34] White must now prevent ...Ra2.} 40. Rd7 Rf2 ({Don't play} 40... Ra2 $6 41. Rxa7 h5 42. Kh2 $11) 41. Rxa7 $2 (41. Qe5 $17) 41... Rxf4 $19 42. Qe3 Rf1+ 43. Kh2 Qd6+ 44. g3 Qd5 45. g4 g5 46. Kg3 Rd1 {[%emt 0:04:54] ( -> ...Rd2)} 47. Qc3+ {[%emt 0:03:44] [#]} Kg6 $1 {[%emt 0:00:31] Black mates.} 48. Qc2+ Rd3+ 49. Kh2 Qe5+ 50. Kh1 Qe4+ 51. Kh2 Qf4+ 52. Kh1 Qf1+ 53. Kh2 Qxh3+ 54. Kg1 Qxg4+ 55. Kf2 Qd4+ 56. Ke2 Qe4+ {[%emt 0:00:12] Weighted Error Value: White=0.46/Black=0.22 (precise)} 0-1

[Event "44th Chess Olympiad Women 2022"]
[Site "Chennai"]
[Date "2022.08.05"]
[Round "7.18"]
[White "Mirza, Diana"]
[Black "Raccanello, Marianna"]
[Result "0-1"]
[ECO "E51"]
[WhiteElo "1898"]
[BlackElo "2067"]
[Annotator "TA"]
[PlyCount "60"]
[EventDate "2022.07.29"]
[EventType "team-tourn"]
[EventCountry "IND"]
[SourceTitle "playchess.com"]
[Source "ChessBase"]
[SourceQuality "1"]
[WhiteTeam "Ireland"]
[BlackTeam "Italy"]
[WhiteTeamCountry "IRL"]
[BlackTeamCountry "ITA"]
[TimeControl "40/5400+30:1800+30"]

1. d4 Nf6 2. c4 e6 3. Nc3 Bb4 4. e3 O-O 5. Bd2 d5 6. Nf3 b6 7. cxd5 exd5 8. Rc1 {[%emt 0:00:10] E51: Nimzo-Indian: Rubinstein: 4...0-0 5 Nf3 d5.} Bb7 9. Bd3 Be7 10. O-O {[%emt 0:06:03] The position is equal.} c5 {[%emt 0:00:43] [#]} 11. Bb1 $146 ({Predecessor:} 11. dxc5 bxc5 12. Re1 Na6 13. Bb1 Rb8 14. b3 c4 15. Qe2 Nc5 16. bxc4 dxc4 17. Nd4 {1-0 (87) Artemiev,V (2700)-Aronian,L (2772) chess24.com INT 2022}) 11... Nc6 12. dxc5 bxc5 13. e4 Nd4 14. exd5 Nxd5 15. Ne4 Rc8 16. Ne5 (16. Nxd4 $11 cxd4 17. Rxc8 Bxc8 18. Qc2) 16... f6 ({Better is} 16... f5 $15 17. Ng3 Bf6) 17. Nc4 (17. Nf3 $1 $11) 17... f5 $15 18. Ng3 {[%emt 0:02:36] [#]} f4 {[%emt 0:04:18] Black is more active.} (18... Nb6 $1 $17 {[%cal Rb6c4] And now ...Nxc4 would win.} 19. Na5 Ba8) 19. Ne2 $1 $11 f3 $132 {[%emt 0:06:54][%mdl 2048] Black is not holding back} 20. Nxd4 cxd4 21. gxf3 {[%emt 0:02:42] [#]} (21. Re1 $1 $11 {keeps the balance.}) 21... Bg5 $1 $17 22. Ba5 $2 {[%emt 0:03:51][%mdl 8192] White does not recover from this.} (22. Be4 $17) 22... Qf6 $19 23. Qd3 Qh6 24. Rcd1 Nf4 25. Qxh7+ Qxh7 26. Bxh7+ Kxh7 27. Nd2 Ne2+ 28. Kg2 Bxd2 29. Rxd2 Bxf3+ 30. Kh3 Rc5 {[%emt 0:00:46] Weighted Error Value: White=0.93/Black=0.33} 0-1

[Event "44th Chess Olympiad Women 2022"]
[Site "Chennai"]
[Date "2022.08.05"]
[Round "7.19"]
[White "Caballero Quijano, Mitzy Mishell"]
[Black "Azhar, Puteri Rifqah Fahada"]
[Result "1-0"]
[ECO "E63"]
[WhiteElo "2035"]
[BlackElo "1940"]
[Annotator "TA"]
[PlyCount "75"]
[EventDate "2022.07.29"]
[EventType "team-tourn"]
[EventCountry "IND"]
[SourceTitle "playchess.com"]
[Source "ChessBase"]
[SourceQuality "1"]
[WhiteTeam "Peru"]
[BlackTeam "Malaysia"]
[WhiteTeamCountry "PER"]
[BlackTeamCountry "MAS"]
[TimeControl "40/5400+30:1800+30"]

1. d4 Nf6 2. Nf3 g6 3. c4 Bg7 4. g3 d6 5. Bg2 O-O 6. Nc3 Nc6 7. O-O a6 8. h3 Rb8 9. e4 b5 10. cxb5 {[%emt 0:00:06] 10.d5 deserves study.} axb5 11. Re1 Nd7 12. Bg5 {[%emt 0:00:12] E63: King's Indian: Fianchetto: Panno Variation with 7...a6.} h6 13. Be3 e5 {[%emt 0:04:53] [#]} 14. d5 $146 (14. Rc1 $1 $14) ({Predecessor:} 14. Rc1 exd4 15. Nxd4 Nxd4 16. Bxd4 Ne5 17. f4 c5 18. Bf2 Nc6 19. e5 Nd4 20. exd6 {1-0 (40) Woodward,A (1899)-Gutla,A (1910) ICC INT 2020}) 14... Na5 (14... Ne7 $11) 15. b3 $14 f5 16. exf5 gxf5 17. Nh4 $36 {[%emt 0:00:23][%mdl 2048] White is on the roll.} Qf6 (17... b4 $142 18. Na4 Rf7) 18. Rc1 $1 $16 b4 19. Na4 f4 20. Bd2 Nc5 (20... fxg3 $2 21. fxg3 Ba6 22. Kh2 $18) 21. Nxc5 dxc5 (21... fxg3 $2 22. fxg3 $1 dxc5 23. Rf1 $18) 22. Kh2 Nb7 23. Qh5 {[%emt 0:04:54] Strongly threatening gxf4.} Bd7 24. Rc2 (24. gxf4 $16 exf4 25. d6 (25. Ng6 Be8 $16)) 24... Be8 (24... Qg5 $11 {remains equal.} 25. Qg6 Nd6) 25. Qe2 {[%emt 0:00:32] White is more active.} Rd8 {[%emt 0:01:13] [#]} ({Black should play} 25... Bd7) 26. Bc1 $1 c6 $2 {[%emt 0:10:22] [#] This move loses the game for Black.} (26... Bd7 $16 {was necessary.}) 27. Qa6 $1 $18 Rf7 (27... cxd5 {keeps fighting.} 28. Qxb7 Qd6) 28. dxc6 Rc7 29. Bb2 Re7 30. Qc4+ Bf7 31. Qe2 Nd6 32. Rxc5 Rde8 33. c7 fxg3+ 34. fxg3 Nc8 35. Rf1 Qb6 36. Rc6 Qa5 37. Nf5 {[%emt 0:01:16][%csl LRe7,LRh6] Qg4 would kill now.} Rxc7 38. Qg4 {[%emt 0:02:36] Weighted Error Value: White=0.16 (very precise) /Black=0.69} 1-0

[Event "44th Chess Olympiad Women 2022"]
[Site "Chennai"]
[Date "2022.08.05"]
[Round "7.20"]
[White "Mariroh, Fariha"]
[Black "Guillen Cristobal, Sandra N"]
[Result "1/2-1/2"]
[ECO "B38"]
[WhiteElo "1839"]
[BlackElo "1962"]
[Annotator "TA"]
[PlyCount "121"]
[EventDate "2022.07.29"]
[EventType "team-tourn"]
[EventCountry "IND"]
[SourceTitle "playchess.com"]
[Source "ChessBase"]
[SourceQuality "1"]
[WhiteTeam "Indonesia"]
[BlackTeam "Mexico"]
[WhiteTeamCountry "INA"]
[BlackTeamCountry "MEX"]
[TimeControl "40/5400+30:1800+30"]

1. e4 c5 2. Nf3 Nc6 3. d4 cxd4 4. Nxd4 g6 5. c4 Bg7 6. Be3 Nf6 7. Nc3 O-O 8. Be2 d6 9. O-O Bd7 10. Qd2 Nxd4 11. Bxd4 Bc6 12. f3 a5 13. b3 Nd7 14. Bf2 Nc5 15. Rab1 Be5 {[%emt 0:06:35] B38: Sicilian: Maroczy Bind with 5...Bg7 and 7...0-0.} 16. Bd1 e6 17. Bc2 Qf6 {[%emt 0:04:06] White is slightly better.} 18. Ne2 {[%emt 0:04:29] [#] Threatens to win with f4.} Qe7 $146 ({Predecessor:} 18... g5 19. Be3 h6 20. Ng3 Qg6 21. Rbe1 Bf4 22. Bxf4 gxf4 23. Qxf4 e5 24. Qf5 Ne6 25. Qxg6+ fxg6 {0-1 (55) Banusz,T (2628)-Godzwon,I (2347) Chess.com INT 2020}) 19. Nd4 Rfd8 20. Rfe1 g5 21. Be3 f6 22. a3 Qf7 23. Qf2 Be8 24. Kh1 Qe7 25. g3 Bg6 {[%emt 0:01:06] [#]} (25... Rdc8 $14) 26. Nb5 $1 $16 Be8 27. f4 Bxb5 28. fxe5 ({Resist} 28. cxb5 Bc3 $16) 28... Bc6 29. Bxc5 (29. exf6 $16 Nxe4 30. Bxe4 (30. fxe7 Nxf2+ 31. Kg1 Nh3+ 32. Kf1 Re8 $16) 30... Bxe4+ 31. Kg1) 29... dxc5 $11 30. exf6 Qd6 (30... Rf8 $11 {keeps the balance.}) 31. Kg1 {[%emt 0:09:08] White is more active.} ({White should play} 31. Re2 $16) 31... Qe5 $1 32. Rbd1 Rf8 33. Rf1 Rf7 34. Qe3 Raf8 35. Bd3 Rxf6 36. Rxf6 Rxf6 37. Bc2 Rf8 38. Qd2 Kg7 39. Qxa5 Rf7 40. Qd8 h6 41. Qd6 Qc3 {[%emt 0:31:07] ( -> ...Qe3+)} 42. Qd3 {[%emt 0:00:32] Inhibits Qe3+.} Qe5 43. Rf1 Rxf1+ 44. Kxf1 {[%emt 0:00:00][%mdl 4096] Endgame KQB-KQB} h5 (44... Qa1+ $11 45. Bb1 Qxa3) 45. b4 cxb4 46. axb4 b5 47. c5 h4 48. Ke2 hxg3 49. hxg3 Qb2 50. Qd2 Qe5 51. Qe3 Be8 52. Kd2 Kf6 53. Qf3+ Ke7 54. Qc3 {[%emt 0:00:00] Prevents Qd4+.} Kf6 {[%emt 0:01:30] [#]} (54... Qxc3+ $16 55. Kxc3 e5) 55. Qd3 $2 (55. c6 $1 $18 {[%cal Rc6c7] is the precise move to win.}) 55... Ke7 56. Qa3 (56. Ke1 $16) 56... Qd4+ 57. Kc1 Kf6 (57... g4 $11 {remains equal.}) 58. Qf3+ (58. Qb2 $16 Ke5 59. Bb1) 58... Ke7 59. Qa3 (59. g4 $11) 59... Kf6 $16 60. Qf3+ (60. Qd3 $16 Ke5 61. Qd2 Qxd2+ 62. Kxd2) 60... Ke7 $11 61. Qa3 {[%emt 0:01:07] Weighted Error Value: White=0.29 (precise) /Black=0.21 (precise)} 1/2-1/2

[Event "44th Chess Olympiad Women 2022"]
[Site "Chennai"]
[Date "2022.08.05"]
[Round "7.21"]
[White "Johansson, Viktoria"]
[Black "Fang, Kun"]
[Result "1-0"]
[ECO "D45"]
[WhiteElo "2041"]
[BlackElo "1766"]
[Annotator "TA"]
[PlyCount "181"]
[EventDate "2022.07.29"]
[EventType "team-tourn"]
[EventCountry "IND"]
[SourceTitle "playchess.com"]
[Source "ChessBase"]
[SourceQuality "1"]
[WhiteTeam "Sweden"]
[BlackTeam "SGP"]
[WhiteTeamCountry "SWE"]
[TimeControl "40/5400+30:1800+30"]

1. d4 d5 2. c4 c6 3. Nf3 Nf6 4. Nc3 e6 5. e3 Nbd7 6. Be2 Bd6 7. O-O O-O 8. Qc2 Qe7 9. e4 dxe4 10. Nxe4 Nxe4 11. Qxe4 e5 12. Bg5 Qe6 13. c5 Bc7 {[%emt 0:02:26] [#]} 14. Rac1 $146 {[%emt 0:07:01] White is much more active. The black rooks are badly placed. D45: Semi-Slav: 5 e3.} ({Predecessor:} 14. Bd3 Qg6 15. Qe3 exd4 16. Qxd4 Qh5 17. h4 h6 18. Be7 Re8 19. Rfe1 Nf8 20. Bd6 Rxe1+ 21. Rxe1 Bxd6 22. cxd6 {1-0 (37) Vakhidov,J (2500)-Das,A (2451) Hastings 2018}) 14... Qg6 15. Qe3 (15. Qxg6 $14 hxg6 16. b4) 15... exd4 16. Qxd4 {[%emt 0:02:12] The position is equal.} Ne5 17. Qh4 (17. Be7 $11 Nxf3+ 18. Bxf3) 17... Nxf3+ (17... h6 {keeps more tension.} 18. Be7 Re8 19. Rfd1 Qf5) 18. Bxf3 h6 19. Be3 Re8 20. Rfe1 Be6 21. a3 Rad8 22. Qb4 Re7 23. Bf4 Bxf4 24. Qxf4 Red7 25. Rc3 Bd5 26. h3 Be6 27. Be4 Qh5 28. Rg3 {[%emt 0:00:00] aiming for Qf6.} Rd4 $2 (28... Kh8 $11) 29. Qe3 $2 (29. Qf6 $1 $18 Bg4 30. Rxg4 Qxg4 31. Qxd8+ Rxd8 32. hxg4) 29... Kh8 30. b4 a5 (30... Qe5 $11 {is more appropriate.} 31. Qc3 Qf6) 31. Bf3 $14 Qh4 32. Qe5 Rg8 33. Be4 Rd2 (33... Qf6 $11 34. Qxf6 gxf6) 34. Bb1 $2 (34. bxa5 $16 {[%cal Oa5a6] a6! is the strong threat.} Qe7 35. Qc3) 34... Rd5 (34... axb4 $15 35. Re4 Qe7 36. Rxb4 Rd5) 35. Qc3 axb4 36. axb4 $40 {[%emt 0:00:00][%mdl 128] Black needs to defend precisely.} Qd4 37. Qa3 (37. Ba2 $11 Qxc3 38. Rxc3) 37... Bf5 (37... Qd2 $5 38. Rge3 Rd4 $15) 38. Rf3 Bxb1 39. Rxb1 Qe4 40. Rf1 f6 41. Re3 Qd4 42. Rfe1 Rf5 43. Qd3 Rf4 ({Better is} 43... Qf4 $14) 44. Qg6 $1 $18 f5 45. g3 Re4 46. Rxe4 fxe4 47. Qxe4 {[%emt 0:00:20][%mdl 4096] Endgame KQR-KQR} Qd2 48. Kg2 Ra8 49. Re2 Qd1 50. Qf3 {[%emt 0:00:34][%cal Oe2e8] Strongly threatening Re8+!} Qb1 (50... Qd7 {was worth a try.} 51. Re5 Rd8) 51. Qg4 (51. Re4 $142) 51... Ra1 52. Re8+ Kh7 53. Qe4+ Qxe4+ 54. Rxe4 $16 {[%emt 0:00:05] KR-KR} Rb1 55. g4 Rb2 56. h4 {[%emt 0:00:20][%cal Bh3h4,Bh4h5][%mdl 32] Threatens to win with h5.} Kg8 $2 (56... h5 $16 57. gxh5 Kh6) 57. h5 $18 Kf7 58. Kg3 Rb1 $2 (58... Rd2 {is more resistant.} 59. Rf4+ Ke7 60. Re4+ Kf7) 59. Rd4 Ke6 60. Kf4 Rb2 61. f3 Rb3 62. Ke4 Rb1 63. Rd6+ Ke7 {[%emt 0:00:09] [#]} 64. Kf5 $1 Rb3 65. Kg6 Rxf3 66. Rd4 Kf8 {[%emt 0:01:13] [#]} 67. Rd8+ $1 Ke7 68. Rb8 Rf4 69. Rxb7+ Ke6 70. Kxg7 {[%emt 0:00:09] g5 would kill now.} Rxg4+ 71. Kxh6 Kf6 72. Kh7 Rg5 73. h6 Rg4 74. Rb6 Kf7 75. Rb8 (75. Rxc6 $142 Rxb4 76. Rg6 Rf4 77. c6 Ke7 78. Rg7+ Kd6 79. c7 Rf8 80. Kg6) 75... Rh4 76. Rb7+ Kf6 77. Rb6 Kf7 78. Rxc6 Rxb4 79. Rg6 Rb8 80. c6 Ra8 81. c7 Rc8 82. Rc6 Kf8 83. Rc1 Kf7 84. Rc6 Kf8 $1 85. Kg6 {[%emt 0:00:11] White mates.} Kg8 86. Kf6 Kh8 87. Ke7 Kh7 88. Kd7 Rf8 89. c8=Q Rf7+ 90. Ke6 Re7+ 91. Kd6 {[%emt 0:00:06] Weighted Error Value: White=0.35/Black=0.52} 1-0

[Event "44th Chess Olympiad Women 2022"]
[Site "Chennai"]
[Date "2022.08.05"]
[Round "7.21"]
[White "Hng, Mei-Xian Eunice"]
[Black "Cramling Bellon, Anna"]
[Result "0-1"]
[ECO "B22"]
[WhiteElo "1823"]
[BlackElo "2065"]
[Annotator "TA"]
[PlyCount "128"]
[EventDate "2022.07.29"]
[EventType "team-tourn"]
[EventCountry "IND"]
[SourceTitle "playchess.com"]
[Source "ChessBase"]
[SourceQuality "1"]
[WhiteTeam "SGP"]
[BlackTeam "Sweden"]
[BlackTeamCountry "SWE"]
[TimeControl "40/5400+30:1800+30"]

1. e4 c5 2. d4 cxd4 3. c3 Nf6 4. e5 Nd5 5. Qxd4 e6 6. Bd3 Nc6 {[%emt 0:03:08] B22: Sicilian: 2 c3.} 7. Qe4 f5 $1 {[%emt 0:04:21][%mdl 4] is now more promising than 7...d6.} 8. exf6 Nxf6 {[%emt 0:00:07] The position is equal.} 9. Qh4 Ne5 {[%emt 0:04:30][%cal Bc6e5,Be5f7,Bf7h8][%mdl 32] Against Bg6+} 10. Bc2 {[%emt 0:03:29] [#]} d5 $146 ({Predecessor:} 10... Nf7 11. Nf3 Be7 12. O-O Qb6 13. c4 d6 14. Nc3 Bd7 15. b3 Bc6 16. Qh3 Bd7 {1-0 (40) Krauss,J (2022)-Sippl,M (1983) Nuremberg 2008}) 11. Bg5 Bd6 (11... Qb6 $15 12. Bxf6 gxf6 13. Qxf6 Rg8 14. Qxe5 Qxb2) 12. Nd2 $11 h6 13. Ngf3 Nf7 14. Bg6 O-O 15. Be3 {[%emt 0:01:08] White is on the road to losing.} (15. Bxf6 $11 Qxf6 16. Qxf6 gxf6 17. O-O) 15... e5 $19 16. O-O (16. O-O-O $17 {was called for.}) 16... Nh8 $1 17. Bc2 e4 18. Nxe4 ({Not} 18. Nd4 $2 Ng6 19. Qg3 Bxg3 $19) 18... Nxe4 19. Bxe4 (19. Qxd8 {was necessary.} Rxd8 20. Rad1) 19... dxe4 20. Qxe4 Re8 21. Qd5+ Be6 22. Qxb7 Rb8 23. Qxa7 Bd5 {[%emt 0:00:11] Hoping for ...Bxf3. This bishop pair is nice.} ({Worse is} 23... Re7 24. Qd4 $17) 24. Nd2 {[%emt 0:06:52] [#]} ({Wrong is} 24. Bd4 $2 Rb7 25. Qa6 Bxf3 $19) (24. Qd4 Bxf3 25. gxf3) 24... Bxh2+ $1 {[%emt 0:09:19][%mdl 576] Decoy} 25. Kxh2 Qh4+ $1 26. Kg1 {[%emt 0:00:04] [#]} Bxg2 $1 {[%emt 0:00:13][%mdl 576] Decoy} 27. Kxg2 (27. f3 Qh1+) 27... Qg4+ 28. Kh2 Rb5 29. Bc5 Re5 (29... Qh5+ $142 30. Kg3 Rxc5) 30. Qa8+ Kh7 31. Qg2 Qf4+ 32. Qg3 Rh5+ $1 33. Kg2 {[%emt 0:00:17] [#]} Rg5 $1 {[%emt 0:00:10][%mdl 64] Pin} 34. Nf3 Rxg3+ {[%emt 0:01:38] Dancing on a razor blade.} (34... Rbxc5 $142 35. Nxg5+ Rxg5) 35. fxg3 Rxb2+ 36. Rf2 Rxf2+ 37. Kxf2 Qf5 38. Bd4 Nf7 {[%emt 0:00:12][%mdl 1024] And now ...Ng5 would win. Black has strong compensation.} 39. Rf1 (39. Kg2 {might work better.}) 39... Ng5 40. Ke2 (40. Kg1 Nxf3+ 41. Kg2) 40... Qe4+ 41. Be3 Qc4+ 42. Ke1 Qxc3+ 43. Ke2 Qc4+ 44. Ke1 Ne4 45. Bf4 g5 46. Be5 g4 47. Bf4 gxf3 48. Rxf3 Qxa2 49. Kf1 Qc2 50. Be3 Qd1+ 51. Kg2 Qe2+ 52. Bf2 Kg6 53. Rf4 Kg5 54. Rf3 Nxf2 (54... h5 $142 55. Rf7 Kg6 56. Rf4 Nd2 57. Kh3 Nf3 58. Kg2 Nd2 59. Kg1 Qf1+ 60. Kh2 {[#]} Ne4 $1 61. Bb6 Qe2+ 62. Kh1 Nxg3+ 63. Kg1 Qb2 64. Rf8 Qxb6+ 65. Kg2 Ne4 66. Kh1 Kg5 67. Kg2 Qe3 68. Kh2 Qe2+ 69. Kg1 Kh4 70. Rf7 Kh3 71. Rf3+ Ng3 72. Rxg3+ Kxg3 73. Kh1 Qh2#) 55. Rxf2 {[%emt 0:00:00][%mdl 4096] Endgame KQ-KR} Qe4+ 56. Kh2 h5 {[%emt 0:00:42] ( -> ...h4)} 57. Rf8 (57. Rf4 $19 Qd5 58. Kg1) 57... Qc2+ 58. Kh3 Qc4 59. Rf4 Qe2 60. Rf8 Qe1 61. Rg8+ Kh6 62. Rh8+ Kg6 63. Rg8+ Kh7 (63... Kf7 $142 64. Rg7+ Kxg7 65. Kg2 Qe2+ 66. Kg1 Kf6 67. g4 hxg4 68. Kh1 g3 69. Kg1 Qh2+ 70. Kf1 Qf2#) 64. Rg5 (64. Rh8+ $19 Kxh8 65. Kh4 Kg8 66. Kg5 Qe5+ 67. Kg6 Kf8 68. Kh6 Qxg3 69. Kxh5 Kf7 70. Kh6 Qh4#) 64... Qh1# {[%emt 0:00:08] Weighted Error Value: White=0.74/Black=0.22 (precise)} 0-1

[Event "44th Chess Olympiad Women 2022"]
[Site "Chennai"]
[Date "2022.08.05"]
[Round "7.22"]
[White "Demchenko, Svitlana"]
[Black "Trippold, Denise"]
[Result "1/2-1/2"]
[ECO "C01"]
[WhiteElo "2122"]
[BlackElo "2151"]
[Annotator "TA"]
[PlyCount "54"]
[EventDate "2022.07.29"]
[EventType "team-tourn"]
[EventCountry "IND"]
[SourceTitle "playchess.com"]
[Source "ChessBase"]
[SourceQuality "1"]
[WhiteTeam "Canada"]
[BlackTeam "Austria"]
[WhiteTeamCountry "CAN"]
[BlackTeamCountry "AUT"]
[TimeControl "40/5400+30:1800+30"]

1. e4 e6 2. d4 d5 3. Bd3 dxe4 4. Bxe4 Nf6 5. Bf3 c5 6. Ne2 Nc6 {[%emt 0:00:30][%cal Rc5d4] C01: French: Exchange Variation.} 7. Be3 cxd4 8. Nxd4 Ne5 9. Nc3 $40 {[%emt 0:00:13][%mdl 128] White has some attack.} a6 (9... Bb4 {feels hotter.} 10. Ndb5 Qa5 11. O-O O-O) 10. Qe2 Nxf3+ 11. Qxf3 Be7 (11... e5 $11 12. Nb3 Qc7) 12. O-O-O $1 $14 {[%emt 0:00:44][%cal Od4f5] Black must now prevent Nf5!} Qc7 13. g4 O-O 14. g5 Ne8 {[%emt 0:06:59] [#]} 15. Rhg1 $146 ({Predecessor:} 15. h4 Bd7 16. h5 Rc8 17. Bf4 Qc5 18. Ne4 Qa5 19. Kb1 f6 20. g6 h6 21. Qe3 {1-0 (33) Bernadskiy,V (2593)-Sadzikowski,D (2504) Lorca 2019}) 15... Bd7 16. Ne4 (16. Bf4 $14 Bd6 17. Bg3) 16... Bc6 (16... g6 $11) 17. Nxc6 $16 Qxc6 18. Rd3 Kh8 (18... Rc8 $2 19. Rc3 Qd7 20. Nf6+ $1 Nxf6 21. gxf6 $18) 19. Bd4 (19. Rgd1 $16) 19... Nd6 $11 ({But not} 19... Rc8 20. Rc3 Qd7 21. Rd1 Rxc3 22. Qxc3 $16 (22. Bxc3 Qc8 $14)) 20. Bf6 {[%emt 0:34:55] [#]} Nf5 ({Much worse is} 20... Nxe4 21. Bxe7 Rfe8 22. Ba3 $11) (20... gxf6 21. gxf6 Rfc8 22. Qd1 Nxe4 23. fxe7 $17) (20... Rfc8 $1 $15 21. Rc3 Qxe4 22. Qxe4 Nxe4 23. Rxc8+ Rxc8 24. Bxe7 Nxf2) 21. Bxe7 (21. Qg4 {looks sharper.} gxf6 22. gxf6 Rg8 23. fxe7 Nxe7 24. Ng5) 21... Nxe7 22. Rc3 Qd5 23. Kb1 Rac8 {[%emt 0:01:44] Prevents Rc7.} 24. Rd3 Qc6 25. Rc3 {[%emt 0:00:39] Active counter play!} Qd5 26. Rd3 Qc6 27. Rc3 Qd5 {[%emt 0:06:14] Weighted Error Value: White=0.23 (precise) /Black=0.24 (precise)} 1/2-1/2

[Event "44th Chess Olympiad Women 2022"]
[Site "Chennai"]
[Date "2022.08.05"]
[Round "7.22"]
[White "Guo, Yu Han"]
[Black "Hapala, Elisabeth"]
[Result "0-1"]
[ECO "E46"]
[WhiteElo "1630"]
[BlackElo "2113"]
[Annotator "TA"]
[PlyCount "48"]
[EventDate "2022.07.29"]
[EventType "team-tourn"]
[EventCountry "IND"]
[SourceTitle "playchess.com"]
[Source "ChessBase"]
[SourceQuality "1"]
[WhiteTeam "Canada"]
[BlackTeam "Austria"]
[WhiteTeamCountry "CAN"]
[BlackTeamCountry "AUT"]
[TimeControl "40/5400+30:1800+30"]

1. d4 Nf6 2. c4 e6 3. Nc3 Bb4 4. e3 O-O 5. Nge2 Re8 6. a3 Bf8 7. e4 d5 {[%emt 0:00:22] E46: Nimzo-Indian: Rubinstein: 4 e3 0-0 5 Ne2 without early Bd3.} 8. e5 Nfd7 9. cxd5 exd5 {[%emt 0:00:04] The position is equal.} 10. Nxd5 c5 {[%emt 0:01:03] And now ...cxd4 would win.} 11. f4 {[%emt 0:04:11] [#]} (11. Ndc3 $15) 11... cxd4 $1 $19 {[%emt 0:07:37] aiming for ...Nc6.} 12. Qxd4 Nc6 13. Qc4 {[%emt 0:04:55] [#]} (13. Qd2) 13... Ndxe5 $1 14. fxe5 Nxe5 {[%emt 0:00:03] [#]} 15. Qd4 $146 {[%emt 0:06:20] [#]} ({Predecessor:} 15. Qb3 Be6 16. Nef4 Bxd5 17. Qxd5 Nd3+ 18. Kd2 Nxf4 19. Qxd8 Raxd8+ 20. Kc2 Re1 21. g3 {0-1 (43) Bednar,M (2264)-Vyskocil,N (2376) Prague 2015}) 15... Bc5 16. Qd2 (16. Bg5 Qxg5) 16... Bf5 ({Weaker is} 16... Nc4 17. Qg5 Bg4 18. h3 $11) 17. Ndf4 Qh4+ 18. g3 Nf3+ 19. Kd1 Qe7 {[%emt 0:03:48] ( -> ...Rad8)} 20. Nd5 Qe5 {[%emt 0:00:47] Black mates.} 21. Ndc3 Nxd2 22. Bxd2 Rad8 23. b4 {[%emt 0:01:46] [#]} Rxd2+ $1 24. Kxd2 Qe3+ {[%emt 0:00:04] White did not feel at home in the position after the opening.  Weighted Error Value: White=1.72/Black=0.00 (flawless)} 0-1